 Dungeon Crawl Stone Soup version 0.30-a0-297-g0ec75d9ef4 (webtiles) character file.

Game seed: 16768342142692211850

183 mopl the Insei (level 5, 0/37 HPs)
             Began as a Djinni Transmuter on Oct 19, 2022.
             Slain by a lemure (4 damage)
             ... led by Pikel
             ... on level 4 of the Dungeon.
             The game lasted 00:03:59 (2835 turns).

mopl the Insei (Djinni Transmuter)                  Turns: 2835, Time: 00:04:00

Health: 0/37       AC:  2    Str: 11    XL:     5   Next: 94%
Gold:   183        EV: 12    Int: 14    God:
                   SH:  0    Dex: 14

rFire   + + .      SeeInvis .      - Unarmed
rCold   x . .      Faith    .    (no shield)
rNeg    . . .      Spirit   .    a - +0 robe
rPois   ∞          Reflect  .    (helmet currently unavailable)
rElec   .          Harm     .    (no cloak)
rCorr   .          Rampage  .    (no gloves)
Will    .....                    (boots unavailable)
Stlth   +.........               (no amulet)
HPRegen 0.26/turn                (no ring)
MPRegen 0.00/turn                (no ring)

@: appendages, flying
A: horns 2, flying, sickness immunity, fire resistance 2, cold vulnerability 1,
float, innate caster, HP casting, extra vitality 1
a: End Transformation


You were on level 4 of the Dungeon.
You had temporarily grown beastly horns.
You visited 1 branch of the dungeon, and saw 5 of its levels.

You collected 183 gold pieces.

Inventory:

Hand Weapons
 g - a +2 dagger of draining
 k - a +1 dagger of venom
Missiles
 d - 12 poisoned darts
 e - 5 curare-tipped darts
 l - a throwing net
 x - 2 boomerangs
Armour
 a - a +0 robe (worn)
 p - a +0 plate armour
Wands
 s - a wand of roots (2)
 u - a wand of paralysis (4)
Scrolls
 c - a scroll of blinking {unknown}
 f - a scroll of butterflies {unknown}
 h - 2 scrolls of vulnerability {unknown}
 i - a scroll of noise {unknown}
 n - a scroll of summoning {unknown}
 r - 3 scrolls of identify {unknown}
 v - a scroll of poison {unknown}
 w - a scroll of acquirement {unknown}
 y - a scroll of teleportation {unknown}
Potions
 b - a potion of lignification {!q}
 j - 3 potions of haste {unknown}
 m - a potion of attraction {unknown}
 o - a potion of curing {unknown}
 q - a potion of flight {unknown}
 t - a potion of invisibility {unknown}
 z - a potion of brilliance {unknown}
 A - a potion of resistance {unknown}


   Skills:
 - Level 1.0 Fighting
 + Level 0.4 Throwing
 - Level 2.1 Dodging
 * Level 5.1 Unarmed Combat
 + Level 2.6 Spellcasting
 + Level 0.6 Evocations


You couldn't memorise any spells.
You knew the following spells:

 Your Spells              Type           Power      Damage    Failure   Level
a - Beastly Appendage     Tmut           18%        N/A       8%          1
b - Wereblood             Tmut           9%         N/A       12%         2
c - Spider Form           Tmut/Pois      9%         N/A       22%         3
d - Ice Form              Ice/Tmut       9%         N/A       58%         4
e - Summon Small Mammal   Summ           36%        N/A       8%          1
f - Poisonous Vapours     Pois/Air       18%        N/A       12%         2
Your spell library was empty.

Dungeon Overview and Level Annotations

Branches:
Dungeon (5/15)
 Temple: D:4-7

Altars:

Shops:
D:4 ([

Annotations:
D:5 Pikel


Innate Abilities, Weirdness & Mutations

You have temporarily grown beastly horns.
You are flying.
You are immune to sickness and miasma.
You are immune to poison.
Your flesh is very heat resistant. (rF++)
You are vulnerable to cold. (rC-)
You float through the air rather than walking.
You learn spells naturally, not from books.
Your magical power is your life essence.
You have superior vitality. (+4 MHP)


Message History

The roots release their grip on the lemure.
You grow a pair of large bovine horns.
The grasping roots constrict the lemure!
The roots release their grip on the lemure.
The lemure closely misses you.
Unknown command.
You barely miss the lemure.
The lemure is severely wounded.
Unknown command.
The lemure attacks as you move away! The lemure misses you.
Unknown command.
You barely miss the lemure. Your headbutt misses the lemure.
The lemure is severely wounded.
The lemure hits you. The lemure hits you!
* * * LOW HITPOINT WARNING * * *
Unknown command.
The lemure attacks as you move away! The lemure hits you!
* * * LOW HITPOINT WARNING * * *
Aiming: Fastroot
Press: ? - help, Shift-Dir - straight line, f - lemure
Aim: a lemure (severely wounded)
The roots erupt in riotous growth!
Roots grab the lemure. x2
The grasping roots constrict the lemure. x2
The lemure hits you.
* * * LOW HITPOINT WARNING * * *
The lemure escapes!
Unknown command.
Unknown command.
The grasping roots constrict the lemure.
The roots release their grip on the lemure.
Aiming: Fastroot
Press: ? - help, Shift-Dir - straight line, f/p - lemure
Aim: a lemure (almost dead)
The roots erupt in riotous growth!
Roots grab the lemure. x2
The grasping roots constrict the lemure, but do no damage.
The grasping roots constrict the lemure.
The lemure hits you.
You die...

..##
#.........................
.##
#.............#.......[..#
.#
##...........##........###
.#
##........####...........
## #..#######
#.........### ## ##.##
##.......<.##. .# #..###
###.....>....#.. .##
##...###............#..
..##
##.55@.....##......#..
...##
##......#####.....##.
#...## ##....## ###...###
##...## #....# ##.....
###..## #....## ##....
##..## ##.....# #....
##..## ##...)..## ##...
##..####...###..## ##..
##.......## ##..## #..


You could see 2 lemures.

Vanquished Creatures
  A hound (D:4)
  Ijyb (D:3)
  Jessica (D:2)
  3 adders
  A worm (D:3)
  3 dart slugs
  An orc (D:4)
  An endoplasm (D:1)
  2 giant cockroaches
  11 goblins
  8 hobgoblins
  8 kobolds
  4 quokkas
  9 ball pythons
  5 bats
  A frilled lizard (D:2)
  5 rats
65 creatures vanquished.

Vanquished Creatures (others)
  A plant (D:3)
1 creature vanquished.

Grand Total: 66 creatures vanquished

Notes
Turn   | Place    | Note
-------+----------+-------------------------------------------
     0 | D:1      | mopl the Djinni Transmuter began the quest for the Orb.
     0 | D:1      | mopl set off with the following spells memorised: Beastly
                  | Appendage, Wereblood, Spider Form, Ice Form.
     0 | D:1      | Reached XP level 1. HP: 17/17 MP: 0/0
   179 | D:1      | Reached XP level 2. HP: 11/22 MP: 0/0
   325 | D:1      | Reached XP level 3. HP: 20/27 MP: 0/0
   325 | D:1      | Learned a level 1 spell: Summon Small Mammal
   349 | D:1      | Reached skill level 2 in Spellcasting
   669 | D:2      | Noticed Jessica
   674 | D:2      | Killed Jessica
   675 | D:2      | Reached skill level 4 in Unarmed Combat
   675 | D:2      | Reached XP level 4. HP: 32/32 MP: 0/0
  1400 | D:3      | Noticed Ijyb
  1512 | D:3      | Killed Ijyb
  1513 | D:3      | Reached XP level 5. HP: 32/37 MP: 0/0
  1513 | D:3      | Learned a level 2 spell: Poisonous Vapours
  1585 | D:3      | Found a faded altar of an unknown god.
  2029 | D:4      | Found Ufroaschufi's Antique Weapon Boutique.
  2092 | D:4      | Found Zimut's Antique Armour Emporium.
  2418 | D:4      | Reached skill level 5 in Unarmed Combat
  2815 | D:5      | Entered Level 5 of the Dungeon
  2815 | D:5      | Noticed Pikel
  2815 | D:5      | Noticed a lemure
  2815 | D:5      | Noticed a lemure
  2815 | D:5      | Noticed a lemure
  2835 | D:4      | Slain by a lemure

Illustrated notes

Levels and vault maps discovered:
D:1:      minmay_arrival_split_and_join, layout_basic
D:2:      layout_loops_ring, uniq_jessica
D:3:      layout_basic, shapermc_ecumenical_altar_ellora, chequers_big_river,
          uniq_ijyb
D:4:      layout_layer_cave, serial_shops, kennysheep_mini,
          nicolae_stop_n_shop_2, minmay_misc_feat_enclosed,
          minmay_goblin_kobold_house
D:5:      layout_rooms, mainiacjoe_overflow_divided_tiny, gammafunk_ghost_smash,
          serial_glass, glass_columns_a, glass_columns_c, item_on_display_a,
          uniq_pikel

Skill      XL: |  1  2  3  4  5 |
---------------+----------------+-----
Spellcasting   | 2 |  2.6
Unarmed Combat | 4 5 |  5.1
Fighting       | |  1.0
Throwing       | |  0.4
Dodging        | |  2.1
Evocations     | |  0.6

Action                   |  1- 3 |  4- 6 || total
-------------------------+-------+-------++-------
Melee: Unarmed           |    63 |    30 ||    93
       Headbutt          |     7 |     9 ||    16
       Punch             |     1 |     3 ||     4
       Dagger            |       |    98 ||    98
Throw: Dart              |     3 |       ||     3
 Cast: Beastly Appendage |    11 |    18 ||    29
Evoke: Wand              |       |     3 ||     3
 Stab: Sleeping          |     1 |     2 ||     3
Armor: Robe              |     9 |    19 ||    28
Dodge: Dodged            |    29 |    76 ||   105

Table legend: (Time is in decaauts)
 A = Elapsed time spent in this place.
 B = Non-inter-level travel time spent in this place.
 C = Inter-level travel time spent in this place.
 D = Time resting spent in this place.
 E = Time spent auto-exploring this place.
 F = Levels seen in this place.
 G = Mean time per level.
                   A        B        C        D        E       F      G
               +--------+--------+--------+--------+--------+-----+--------+
         Total |   2828 |   2684 |    144 |    120 |   2076 |   5 |  565.6 |
       Dungeon |   2828 |   2684 |    144 |    120 |   2076 |   5 |  565.6 |
               +--------+--------+--------+--------+--------+-----+--------+

Top non-repeatable levels by time:
     D:4: 835 daAuts
     D:3: 769 daAuts
     D:1: 659 daAuts
     D:2: 561 daAuts
     D:5: 1 daAuts
